 Dungeon Crawl Stone Soup version 0.31-a0-851-g7ff8af7976 (webtiles) character file.

Game seed: 7869159252752628202

1092 croobank the Ruffian (level 8, -5/57 (60) HPs)
             Began as a Gnoll Shapeshifter on Oct 6, 2023.
             Was an Initiate of Gozag.
             Slain by a wight
             ... wielding a +0 war axe
              (15 damage)
             ... on level 6 of the Dungeon.
             The game lasted 00:15:42 (5759 turns).

croobank the Ruffian (Gnoll Shapeshifter)           Turns: 5759, Time: 00:15:43

HP:   -5/57 (60)    AC:  3    Str: 14    XL:     8   Next: 31%
MP:   12/12         EV: 14    Int: 11    God:    Gozag
Gold: 239           SH:  0    Dex: 18    Spells: 10/13 levels left

rFire   . .          .
                       - Unarmed
rCold   . . .        (no shield)
rNeg    + . .        A - +0 leather armour
rPois   .            (helmet currently unavailable)
rElec   .            (cloak currently unavailable)
rCorr   .            (gloves currently unavailable)
SInv    .            (boots currently unavailable)
Will    .....        (no amulet)
Stlth   ++           e - +6 ring of dexterity
HPRegen 0.29/turn    i - ring of positive energy
MPRegen 0.13/turn

%: no passive effects
@: beast-form, gold aura, drained
A: beast (slay +4), fangs 1, strong nose, distributed training
a: Begin Untransformation, Renounce Religion, Potion Petition, Call Merchant,
Bribe Branch


You were on level 6 of the Dungeon.
You worshipped Gozag.
Gozag was aware of your devotion.
You were a hulking beast.
You visited 1 branch of the dungeon, and saw 6 of its levels.

You collected 320 gold pieces.
You paid 81 gold pieces to Gozag.

Inventory:

Hand Weapons
 a - a +0 dagger of venom
 h - a +0 dagger
 n - a +1 antimagic flail
 C - a +0 long sword
 H - a +0 long sword
 J - a +2 short sword of electrocution
 K - a +3 dagger
Missiles
 b - 6 boomerangs
 z - 7 poisoned darts (quivered)
 M - 4 curare-tipped darts
Armour
 l - a +0 pair of boots
 m - a +0 ring mail
 t - a +0 pair of gloves
 w - a +0 buckler
 A - a +0 leather armour (worn)
 B - a +0 helmet
 E - a +0 cloak
Magical Staves
 y - a staff of death
Jewellery
 e - a +6 ring of dexterity (left hand)
 i - a ring of positive energy (right hand)
 k - a ring of fire
 G - a ring of flight
Talismans
 c - a beast talisman (active)
 d - a flux talisman
Wands
 L - a wand of digging (1)
Scrolls
 f - a scroll of amnesia {unknown}
 j - 2 scrolls of teleportation {unknown}
 o - a scroll of vulnerability {unknown}
 q - a scroll of revelation {unknown}
 r - a scroll of silence {unknown}
 s - 2 scrolls of noise {unknown}
 u - a scroll of fog {unknown}
 x - 2 scrolls of identify
Potions
 g - a potion of heal wounds
 p - a potion of cancellation {unknown}
 v - 2 potions of mutation {unknown}
 D - a potion of berserk rage {unknown}
 F - 3 potions of might {unknown}
 I - a potion of attraction {unknown}


   Skills:
 + Level 4.2 Fighting
 + Level 3.2 Short Blades
 + Level 3.2 Long Blades
 + Level 3.2 Axes
 + Level 3.2 Maces & Flails
 + Level 3.2 Polearms
 + Level 3.2 Staves
 + Level 3.2 Ranged Weapons
 + Level 3.2 Throwing
 + Level 3.2 Armour
 + Level 5.6 Dodging
 + Level 3.2 Stealth
 + Level 3.2 Shields
 + Level 7.3 Unarmed Combat
 + Level 3.2 Spellcasting
 + Level 2.6 Conjurations
 + Level 2.6 Hexes
 + Level 2.6 Summonings
 + Level 2.6 Necromancy
 + Level 2.6 Translocations
 + Level 2.6 Transmutations
 + Level 2.6 Fire Magic
 + Level 2.6 Ice Magic
 + Level 2.6 Air Magic
 + Level 2.6 Earth Magic
 + Level 2.6 Poison Magic
 + Level 3.5 Invocations
 + Level 3.2 Evocations
 + Level 7.2 Shapeshifting


You had 10 spell levels left.
You knew the following spells:

 Your Spells              Type           Power      Damage    Failure   Level
c - Call Canine Familiar  Summ           7%         N/A       32%         3

Your spell library contained the following spells:

 Spells                   Type           Power      Damage    Failure   Level
 Kiss of Death            Conj/Necr      28%        2d7       11%         1
 Magic Dart               Conj           28%        1d4       11%         1
 Sandblast                Erth           14%        2d6       11%         1
 Cigotuvi's Dreadful Rot  Necr/Pois/Air  14%        N/A       16%         2
 Ensorcelled Hibernation  Hex/Ice        14%        N/A       16%         2
 Jinxbite                 Hex            14%        N/A       16%         2
 Lesser Beckoning         Tloc           14%        N/A       16%         2
 Gell's Gravitas          Tloc           7%         N/A       32%         3
 Ignite Poison            Fire/Tmut/Pois 7%         N/A       32%         3
 Sigil of Binding         Hex            7%         N/A       32%         3
 Teleport Other           Tloc           7%         N/A       32%         3
 Anguish                  Hex/Necr       3%         N/A       71%         4
 Dimensional Bullseye     Hex/Tloc       3%         N/A       71%         4
 Leda's Liquefaction      Hex/Erth       3%         N/A       71%         4
 Freezing Cloud           Conj/Ice/Air   3%         6-21      96%         5


Dungeon Overview and Level Annotations

Branches:
Dungeon (6/15)
 Temple: D:4-7

Altars:
Gozag
Zin

Shops:
D:5 =


Innate Abilities, Weirdness & Mutations

You are a hulking beast.
Your limbs bulge with bestial killing power. (Slay +4)
You have very sharp teeth.
Your uncanny sense of smell can sniff out nearby items.
Your experience applies equally to all skills.


Message History

The wight is almost destroyed.
You hit the wight.
You destroy the wight!
Your life force feels restored.
You start resting.
HP restored.
You start waiting.
Done waiting.
Items here: $ )) [[.
The wight hits you with a +4 dagger of freezing.
You partially resist.
You feel drained. The wight freezes you.
You hit the wight.
The wight is lightly damaged.
The wight hits you with a +4 dagger of freezing.
The wight freezes you.
You punch the wight!
The wight is almost destroyed.
A wight comes into view. It is wielding a +0 war axe.
The wight hits you with a +4 dagger of freezing!
You partially resist.
You feel drained. The wight freezes you.
You closely miss the wight.
The wight is almost destroyed.
A wight comes into view. It is wielding a +0 hand axe.
The wight barely misses you.
You punch the wight!
You destroy the wight!
You barely miss the wight. The wight hits you with a +0 war axe!
You completely miss the wight. The wight closely misses you.
You hit the wight but do no damage. You closely miss the wight.
The wight hits you with a +0 war axe. You partially resist.
You feel drained.
You barely miss the wight. The wight hits you with a +0 war axe!
* * * LOW HITPOINT WARNING * * *
You partially resist.
You feel drained.
* * * LOW HITPOINT WARNING * * *
You punch the wight! You bite the wight.
The wight is almost destroyed.
The wight hits you with a +0 war axe!
You die...
Your body crumbles into a pile of gold.

# #.#### ∆
#zzh.# ####$#
#.# #.# ##.##
#.###...######
#............#
.....#.).####.#
##...##.## #.#


You could see 2 wights.

Vanquished Creatures
  Menkaure (D:4)
  A black bear (D:5)
  An ogre (D:6)
  A phantom (D:5)
  A scorpion (D:4)
  3 wights (D:6)
  A hound (D:5)
  2 jellies (D:5)
  An orc priest (D:5)
  Jessica (D:3)
  5 iguanas
  3 orc wizards
  A gnoll (D:1)
  6 adders
  A white imp (D:5)
  4 dart slugs
  A worm (D:2)
  16 orcs
  4 endoplasms
  2 giant cockroaches
  3 goblins
  7 hobgoblins
  7 jackals (D:4)
  6 kobolds
  A quokka (D:1)
  5 ball pythons
  3 bats
  4 frilled lizards
  A rat (D:3)
93 creatures vanquished.

Notes
Turn   | Place    | Note
-------+----------+-------------------------------------------
     0 | D:1      | croobank the Gnoll Shapeshifter began the quest for the
                  | Orb.
     0 | D:1      | Reached XP level 1. HP: 17/17 MP: 1/1
   163 | D:1      | Reached XP level 2. HP: 14/23 MP: 2/2
   305 | D:1      | Reached XP level 3. HP: 28/28 MP: 3/3
   437 | D:1      | Learned a level 3 spell: Call Canine Familiar
   489 | D:1      | You fall into a shaft and drop 1 floor!
   785 | D:1      | Reached skill level 1 in Invocations
   938 | D:1      | Found a faded altar of an unknown god.
  1033 | D:2      | Reached skill level 1 in Short Blades
  1033 | D:2      | Reached skill level 1 in Long Blades
  1033 | D:2      | Reached skill level 1 in Axes
  1033 | D:2      | Reached skill level 1 in Maces & Flails
  1033 | D:2      | Reached skill level 1 in Polearms
  1033 | D:2      | Reached skill level 1 in Staves
  1033 | D:2      | Reached skill level 1 in Ranged Weapons
  1033 | D:2      | Reached skill level 1 in Throwing
  1033 | D:2      | Reached skill level 1 in Armour
  1033 | D:2      | Reached skill level 1 in Stealth
  1033 | D:2      | Reached skill level 1 in Shields
  1033 | D:2      | Reached skill level 1 in Spellcasting
  1033 | D:2      | Reached skill level 1 in Evocations
  1647 | D:3      | Reached XP level 4. HP: 33/34 MP: 5/5
  1736 | D:3      | Reached skill level 1 in Conjurations
  1736 | D:3      | Reached skill level 1 in Hexes
  1736 | D:3      | Reached skill level 1 in Summonings
  1736 | D:3      | Reached skill level 1 in Necromancy
  1736 | D:3      | Reached skill level 1 in Translocations
  1736 | D:3      | Reached skill level 1 in Transmutations
  1736 | D:3      | Reached skill level 1 in Fire Magic
  1736 | D:3      | Reached skill level 1 in Ice Magic
  1736 | D:3      | Reached skill level 1 in Air Magic
  1736 | D:3      | Reached skill level 1 in Earth Magic
  1736 | D:3      | Reached skill level 1 in Poison Magic
  1882 | D:3      | Reached XP level 5. HP: 37/40 MP: 5/7
  2106 | D:3      | Noticed Jessica
  2111 | D:3      | Killed Jessica
  3311 | D:4      | Reached skill level 5 in Dodging
  3311 | D:4      | Reached XP level 6. HP: 19/47 MP: 5/8
  3560 | D:4      | Got a resplendent book
  3924 | D:4      | Noticed Menkaure
  3931 | D:4      | Killed Menkaure
  3949 | D:4      | Reached XP level 7. HP: 43/52 MP: 10/10
  4295 | D:5      | Entered Level 5 of the Dungeon
  4677 | D:5      | Found Xuant's Jewellery Shoppe.
  4866 | D:5      | Found an opulent altar of Gozag.
  4872 | D:5      | Became a worshipper of Gozag Ym Sagoz the Greedy
  4941 | D:5      | Found a glowing silver altar of Zin.
  5099 | D:5      | Reached XP level 8. HP: 59/60 MP: 12/12
  5759 | D:6      | Slain by a wight

Illustrated notes

Levels and vault maps discovered:
D:1:      tarquinn_simple_flora_water_a, layout_basic,
          shapermc_ecumenical_altar_hornbeckon, st_stairs_1
D:2:      layout_loops_ring, serial_bayou_pond_c, minmay_misc_feat_doors
D:3:      layout_basic, uniq_jessica
D:4:      layout_basic, kennysheep_cross_bottleneck, mrwooster_statue_mirror,
          uniq_menkaure
D:5:      layout_loops_cross, pdpol_temple_overflow_zin_treasury_gozag_greed,
          serial_shops, shop
D:6:      layout_loops_ring, nicolae_uskayaw_murder_on_the_dancefloor,
          kennysheep_mini, minmay_temple_entry_statues_pillars, uniq_sigmund

Skill      XL: |  1  2  3  4  5  6  7  8 |
---------------+-------------------------+-----
Invocations    | 1 2 3 |  3.5
Short Blades   | 1 2 3 |  3.2
Long Blades    | 1 2 3 |  3.2
Axes           | 1 2 3 |  3.2
Maces & Flails | 1 2 3 |  3.2
Polearms       | 1 2 3 |  3.2
Staves         | 1 2 3 |  3.2
Ranged Weapons | 1 2 3 |  3.2
Throwing       | 1 2 3 |  3.2
Armour         | 1 2 3 |  3.2
Stealth        | 1 2 3 |  3.2
Shields        | 1 2 3 |  3.2
Spellcasting   | 1 2 3 |  3.2
Evocations     | 1 2 3 |  3.2
Conjurations   | 1 2 |  2.6
Hexes          | 1 2 |  2.6
Summonings     | 1 2 |  2.6
Necromancy     | 1 2 |  2.6
Translocations | 1 2 |  2.6
Transmutations | 1 2 |  2.6
Fire Magic     | 1 2 |  2.6
Ice Magic      | 1 2 |  2.6
Air Magic      | 1 2 |  2.6
Earth Magic    | 1 2 |  2.6
Poison Magic   | 1 2 |  2.6
Fighting       | 3 4 |  4.2
Dodging        | 5 |  5.6
Unarmed Combat | 7 |  7.3
Shapeshifting  | 7 |  7.2

Action                     |  1- 3 |  4- 6 |  7- 9 || total
---------------------------+-------+-------+-------++-------
  Melee: Unarmed           |    49 |    94 |   107 ||   250
         Bite              |     3 |     8 |    15 ||    26
         Punch             |     2 |     7 |     5 ||    14
  Throw: Dart              |       |     2 |       ||     2
   Cast: Call Canine Famil |       |     1 |       ||     1
    Use: Potion            |       |     3 |     1 ||     4
         Scroll            |       |       |     1 ||     1
   Stab: Sleeping          |     2 |     3 |     2 ||     7
 Armour: Animal skin       |    25 |    22 |       ||    47
         Leather armour    |       |    16 |    53 ||    69
         Skin              |       |     3 |       ||     3
  Dodge: Dodged            |    35 |    68 |    41 ||   144

Table legend: (Time is in decaauts)
 A = Elapsed time spent in this place.
 B = Non-inter-level travel time spent in this place.
 C = Inter-level travel time spent in this place.
 D = Time resting spent in this place.
 E = Time spent auto-exploring this place.
 F = Levels seen in this place.
 G = Mean time per level.
                   A        B        C        D        E       F      G
               +--------+--------+--------+--------+--------+-----+--------+
         Total |   5740 |   5261 |    479 |   1527 |   2704 |   6 |  956.7 |
       Dungeon |   5740 |   5261 |    479 |   1527 |   2704 |   6 |  956.7 |
               +--------+--------+--------+--------+--------+-----+--------+

Top non-repeatable levels by time:
     D:3: 1426 daAuts
     D:4: 1152 daAuts
     D:5: 1086 daAuts
     D:1: 862 daAuts
     D:2: 849 daAuts
     D:6: 363 daAuts
